 Dungeon Crawl Stone Soup version 0.32-a0-433-g08bcfe7 (webtiles) character file.

Game seed: 13157461207935349707

5798 Dorkslayer the Cleaver (level 10, -1/65 HPs)
             Began as an Octopode Fighter on Feb 22, 2024.
             Was an Elder of Okawaru.
             Slain by a wyvern (16 damage)
             ... on level 8 of the Dungeon.
             The game lasted 00:21:03 (6911 turns).

Dorkslayer the Cleaver (Octopode Fighter)           Turns: 6911, Time: 00:21:04

Health: -1/65      AC:  5    Str: 19    XL:     10   Next: 79%
Magic:  13/13      EV: 13    Int: 11    God:    Okawaru [****..]
Gold:   535        SH:  9    Dex: 12    Spells: 9/9 levels left

rFire   + . .        t - +9 hand axe "Undertaker" {chaos, rF+}
rCold   . . .        E - +0 kite shield
rNeg    . . .        (helmet restricted)
rPois   .            (no amulet)
rElec   .            f - +4 ring of protection
rCorr   .            j - ring of willpower
SInv    .            (no ring)
Will    +....        (no ring)
Stlth   ++++         (no ring)
HPRegen 0.30/turn    (no ring)
MPRegen 0.13/turn    (no ring)
                     (no ring)

%: no passive effects
@: no status effects
A: almost no armour, amphibious, 8 rings, camouflage 1, gelatinous body 1,
(nimble swimmer 1), tentacles
a: Renounce Religion, Heroism, Finesse


You were on level 8 of the Dungeon.
You worshipped Okawaru.
Okawaru was greatly pleased with you.
You visited 2 branches of the dungeon, and saw 10 of its levels.

You collected 535 gold pieces.

Inventory:

Hand Weapons
 d - the +9 staff of Olgreb {rPois∞}
   (You found it on level 8 of the Dungeon)

   Radiate:   It can be activated via the 'a'bility menu to radiate toxic
   energy, with effectiveness depending on Evocations skill.
   Alch:      It enhances your alchemy magic.
   rPois∞: It grants immunity to poison.
 e - a +0 mace
 i - a +0 broad axe
 t - the +9 hand axe "Undertaker" (weapon) {chaos, rF+}
   (You found it on level 4 of the Dungeon)

   rF+:       It protects you from fire.
Missiles
 k - a curare-tipped dart (quivered)
 m - 10 boomerangs
 x - 5 javelins
 z - a throwing net
Armour
 E - a +0 kite shield (worn)
Jewellery
 f - a +4 ring of protection (left tentacle)
 j - a ring of willpower (right tentacle)
Talismans
 c - a serpent talisman
Wands
 a - a wand of mindburst (11)
 F - a wand of acid (8)
 G - a wand of charming (5)
 H - a wand of flame (12)
Scrolls
 l - a scroll of enchant weapon {unknown}
 n - 3 scrolls of fog {unknown}
 p - a scroll of poison {unknown}
 s - 2 scrolls of enchant armour
 v - a scroll of summoning {unknown}
 w - 4 scrolls of teleportation {unknown}
 y - a scroll of vulnerability {unknown}
 C - a scroll of silence {unknown}
 D - 2 scrolls of blinking
Potions
 b - 2 potions of berserk rage
 g - a potion of lignification
 h - 2 potions of mutation
 o - 2 potions of cancellation
 r - a potion of enlightenment
 A - a potion of might


   Skills:
 + Level 4.7 Fighting
 * Level 9.3 Axes
 * Level 5.7 Dodging
 + Level 6.5 Stealth
 * Level 4.8 Shields
 * Level 5.4 Unarmed Combat
 * Level 4.1 Invocations
 * Level 4.2 Evocations
 * Level 4.8 Shapeshifting


You had 9 spell levels left.
You didn't know any spells.
Your spell library contained the following spells:

 Spells                   Type           Power      Damage    Failure   Level
 Shock                    Conj/Air       0%         1d3       65%         1
 Swiftness                Air            0%         N/A       95%         3
 Volatile Blastmotes      Fire/Tloc      0%         2d10      95%         3
 Cause Fear               Hex            0%         N/A       100%        4
 Dimensional Bullseye     Hex/Tloc       0%         N/A       100%        4
 Fulminant Prism          Conj/Alch      0%         3d5       100%        4
 Ignite Poison            Fire/Alch      0%         N/A       100%        4
 Iskenderun's Mystic Bla  Conj/Tloc      0%         2d3       100%        4
 Sticky Flame             Fire/Alch      0%         2d4       100%        4
 Vhi's Electric Charge    Tloc/Air       0%         N/A       100%        4
 Fireball                 Conj/Fire      0%         3d3       100%        5
 Plasma Beam              Fire/Air       0%         2x1d10    100%        6
 Ignition                 Fire           0%         3d3       100%        8
 Tukima's Dance           Hex            Unusable   N/A       N/A         3
 Dragon's Call            Summ           Unusable   N/A       N/A         9

Dungeon Overview and Level Annotations

Branches:
Dungeon (9/15)             Temple (1/1) D:4             Orc (0/2) D:9
   Lair: D:8-11

Altars:
Ashenzari
Cheibriados
Dithmenos
Elyvilon
Fedhas
Gozag
Hepliaklqana
Kikubaaqudgha
Nemelex Xobeh
Okawaru
Qazlal
Ru
Sif Muna
Trog
Uskayaw
Vehumet
Wu Jian
Yredelemnul
Zin
The Shining One

Shops:
D:2 ([:?(


Innate Abilities, Weirdness & Mutations

You cannot wear most types of armour.
You are amphibious.
You can wear up to eight rings at the same time.
Your skin changes colour to match your surroundings (Stealth+).
Your rubbery body absorbs attacks. (AC +1, EV +1)
((You are camouflaged when in or above water. (Stealth+)))
You have tentacles for arms and can constrict up to eight enemies at once.


Message History

You squeeze the orc warrior.
The orc warrior is lightly wounded.
You hit the orc but do no damage. You block the orc's attack.
You block the orc warrior's attack.
You slash the orc warrior! You grab the orc warrior.
The orc warrior is heavily wounded.
You barely miss the orc.
You constrict the orc warrior, but do no damage.
The orc hits you with a +0 dagger.
An orc comes into view.
It is wielding a +0 flail and wearing a +0 leather armour of positive energy.
You block the orc warrior's attack.
You slash the orc warrior!
The orc warrior is poisoned.
The orc warrior is severely wounded.
You barely miss the orc.
You constrict the orc warrior, but do no damage.
The orc hits you but does no damage.
The orc closely misses the orc.
The orc warrior hits you with a +0 flail.
* * * LOW HITPOINT WARNING * * *
The wyvern hisses angrily.
You hit the orc warrior but do no damage.
You squeeze the orc warrior!
You kill the orc warrior!
Okawaru accepts your kill.
You hit the orc.
You kill the orc!
Okawaru accepts your kill.
Things that are here:
a +0 dagger; a +0 robe; an orc corpse You see here a +0 club.
The orc chortles and stares into space.
There is a stone staircase leading up here.
The wyvern barely misses you.
You climb upwards.
There is a stone staircase leading down here.
You barely miss the wyvern. Your squeeze misses the wyvern.
You block the wyvern's attack. The wyvern bites you!
* * * LOW HITPOINT WARNING * * *
You barely miss the wyvern. You block the wyvern's attack.
You feel better. The wyvern closely misses you. The wyvern bites you!
You die...

...####....##.#
#.#.####..###
....'.####.##.#
#....##...###
...####....##.#
#.....)....##
.###....#####.#
#....##....##
##...#### #.#
#.#.####.#.# #".>##
#.# #.#.## #.#)# ..#.#
#.# #.#..###.#.# ....#
#.#######........#.##
#####
#..k@................
#
##########.#..###.#.##
#.............###<.#..
#
#.########........###.
############.#
####......#.#
.............#
#######.##
############## ###


You could see a wyvern.

Vanquished Creatures
  Sigmund (D:3)
  A wyvern (D:5)
  3 yaks (D:8)
  5 redbacks (D:8)
  Menkaure (D:7)
  2 orc warriors (D:9)
  3 sky beasts
  3 black bears
  3 water moccasins (D:8)
  A centaur (D:7)
  A phantom (D:6)
  Blork the orc (D:5)
  2 kobold brigands (D:7)
  3 bullfrogs
  5 scorpions
  9 wights
  15 killer bees
  3 howler monkeys (D:7)
  3 bombardier beetles
  A hound (D:4)
  2 jellies
  3 gnoll boudas
  3 orc priests
  2 sleepcaps (D:5)
  Natasha (D:2)
  4 iguanas
  9 orc wizards
  Robin (D:2)
  13 gnolls
  13 adders
  4 shadow imps
  3 white imps
  2 ufetubi (D:7)
  A ribbon worm (D:2)
  A dart slug (D:4)
  22 orcs
  9 ball pythons
  8 bats
  4 endoplasms
  3 giant cockroaches
  14 goblins
  13 hobgoblins
  2 jackals (D:5)
  12 kobolds
  3 quokkas
  3 frilled lizards
  5 rats
226 creatures vanquished.

Vanquished Creatures (others)
  An orc wizard (D:4)
1 creature vanquished.

Grand Total: 227 creatures vanquished

Notes
Turn   | Place    | Note
-------+----------+-------------------------------------------
     0 | D:1      | Dorkslayer the Octopode Fighter began the quest for the
                  | Orb.
     0 | D:1      | Reached XP level 1. HP: 16/16 MP: 1/1
    11 | D:1      | Noticed a bullfrog
   138 | D:1      | Reached XP level 2. HP: 17/21 MP: 2/2
   524 | D:1      | Reached skill level 1 in Stealth
   524 | D:1      | Reached XP level 3. HP: 26/26 MP: 3/3
   780 | D:2      | Reached skill level 1 in Shapeshifting
   889 | D:2      | Noticed Natasha
   895 | D:2      | Killed Natasha
   896 | D:2      | Reached XP level 4. HP: 17/31 MP: 4/4
   955 | D:2      | Found Moixkiu's Weapon Shop.
  1057 | D:2      | Found Aschaita's Weapon Boutique.
  1133 | D:2      | Found Yfaegoca's Armour Emporium.
  1155 | D:2      | Found Ulaum's Magic Scroll Shop.
  1155 | D:2      | Noticed Robin
  1162 | D:2      | Killed Robin
  1168 | D:2      | Reached XP level 5. HP: 32/36 MP: 5/5
  1179 | D:2      | Reached skill level 1 in Axes
  1189 | D:2      | Found Zewk's Book Shop.
  1584 | D:3      | Reached skill level 2 in Axes
  1872 | D:3      | Noticed Sigmund
  1879 | D:3      | Killed Sigmund
  1880 | D:3      | Reached skill level 3 in Axes
  1880 | D:3      | Reached XP level 6. HP: 38/42 MP: 6/6
  2188 | D:3      | Found a white marble altar of Elyvilon.
  2481 | D:4      | Found a sacrificial altar of Ru.
  2546 | D:4      | Reached XP level 7. HP: 46/46 MP: 7/7
  2565 | D:4      | Reached skill level 4 in Axes
  2726 | D:4      | Found a staircase to the Ecumenical Temple.
  2732 | Temple   | Entered the Ecumenical Temple
  2757 | Temple   | Became a worshipper of Warmaster Okawaru
  2772 | D:4      | Identified the +9 hand axe "Undertaker" {chaos, rF+}
  2859 | D:4      | Identified the +3 chain mail "Vizaodd" {Rampage Str+6
                  | Slay-5}
  2957 | D:4      | Found a blossoming altar of Fedhas.
  2957 | D:4      | Found a sparkling altar of Nemelex Xobeh.
  2964 | D:4      | Found a hide-covered altar of Uskayaw.
  2966 | D:4      | Found a glowing golden altar of the Shining One.
  2967 | D:4      | Found an ancient bone altar of Kikubaaqudgha.
  3157 | D:5      | Entered Level 5 of the Dungeon
  3159 | D:5      | Got the Incunabulum of Turbulence
  3284 | D:5      | Reached skill level 5 in Axes
  3415 | D:5      | Noticed a wyvern
  3418 | D:5      | Killed a wyvern
  3419 | D:5      | Reached skill level 1 in Invocations
  3419 | D:5      | Reached XP level 8. HP: 52/52 MP: 8/8
  3850 | D:5      | Found an opulent altar of Gozag.
  3886 | D:5      | Noticed Blork the orc
  3891 | D:5      | Reached * piety under Okawaru
  3892 | D:5      | Killed Blork the orc
  3893 | D:5      | Reached skill level 1 in Evocations
  4033 | D:6      | Reached skill level 6 in Axes
  4296 | D:6      | Reached skill level 5 in Stealth
  4296 | D:6      | Reached XP level 9. HP: 42/58 MP: 10/10
  4618 | D:7      | Noticed Menkaure
  4623 | D:7      | Killed Menkaure
  4623 | D:7      | Reached ** piety under Okawaru
  4624 | D:7      | Reached skill level 7 in Axes
  5017 | D:7      | Identified the +8 dagger of Beogh's Indignation {venom,
                  | +Blink rPois rN+}
  5309 | D:7      | Reached skill level 8 in Axes
  5387 | D:7      | Reached *** piety under Okawaru
  5692 | D:7      | Found a shimmering blue altar of Sif Muna.
  5796 | D:8      | Found a runed translucent door.
  5801 | D:8      | Found a runed translucent gate.
  5803 | D:8      | Found a runed translucent gate.
  5803 | D:8      | Found a runed translucent gate.
  5815 | D:8      | Found the +9 staff of Olgreb {rPois∞}
  5822 | D:8      | Found a runed translucent door.
  5836 | D:8      | Reached skill level 5 in Dodging
  5890 | D:8      | Found a radiant altar of Vehumet.
  5977 | D:8      | Reached XP level 10. HP: 22/64 MP: 12/12
  6470 | D:8      | Reached skill level 5 in Unarmed Combat
  6619 | D:8      | Reached **** piety under Okawaru
  6623 | D:8      | Reached skill level 9 in Axes
  6889 | D:9      | Found a staircase to the Orcish Mines.
  6911 | D:8      | Slain by a wyvern

Illustrated notes

Levels and vault maps discovered:
D:1:      evilmike_arrival_come_back, layout_loops_cross
D:2:      minmay_spotlight, layout_loops_ring, serial_shops, shop_fountains,
          shop, nicolae_shop_waterfront, nicolae_shop_scrapyard,
          nicolae_shop_peninsula, dreamdust_wishing_well, uniq_robin,
          uniq_natasha
D:3:      layout_loops_corners, nicolae_elyvilon_temple_path,
          grunt_decor_mini_mirrors, nicolae_concentric_dashed_squares_mild,
          kennysheep_generic_room_8, uniq_sigmund
D:4:      layout_loops_cross, lemuel_round_altar,
          chequers_temple_overflow_minitemple,
          minmay_temple_entry_statues_pillars
D:5:      layout_basic, nicolae_gozag_seed_capital, minmay_pentangle,
          uniq_blork_the_orc
D:6:      layout_loops_cross
D:7:      layout_loops_corners, nicolae_overflow_crystal_walls, uniq_menkaure
D:8:      layout_loops_ring, vehumet_altar_wand_db,
          minmay_guarded_unrand_staff_of_olgreb
D:9:      layout_basic, mainiacjoe_overflow_surrounded_room, david_orc_3,
          corexii_leaking_fountain
Temple:   compressed_dpeg_circular_temple

Skill      XL: |  1  2  3  4  5  6  7  8  9 10 |
---------------+-------------------------------+-----
Stealth        | 1 2 4 5 6 |  6.5
Shapeshifting  | 1 2 3 4 |  4.8
Axes           | 3 5 6 8 9 |  9.3
Dodging        | 4 5 |  5.7
Unarmed Combat | 3 4 5 |  5.4
Invocations    | 1 2 3 4 |  4.1
Evocations     | 1 3 4 |  4.2
Fighting       | 4 |  4.7
Shields        | 4 |  4.8

Action                     |  1- 3 |  4- 6 |  7- 9 | 10-12 || total
---------------------------+-------+-------+-------+-------++-------
  Melee: Unarmed           |    71 |       |       |       ||    71
         Constrict         |    21 |    16 |    37 |    14 ||    88
         Tentacles         |    15 |     9 |    28 |    11 ||    63
         Punch             |     1 |       |       |       ||     1
         Broad axe         |     7 |    81 |    10 |       ||    98
         Hand axe          |       |       |   180 |    69 ||   249
  Evoke: Wand              |       |       |    13 |     6 ||    19
    Use: Scroll            |     1 |       |     9 |       ||    10
         Potion            |       |     3 |     1 |     5 ||     9
   Stab: Sleeping          |     5 |     9 |    12 |     5 ||    31
         Petrifying        |       |       |       |     1 ||     1
 Armour: Skin              |    44 |    66 |    97 |    27 ||   234
  Dodge: Dodged            |    49 |    72 |   102 |    26 ||   249
  Block: Buckler           |    16 |    17 |    18 |       ||    51
         Kite shield       |       |       |    26 |    24 ||    50

Table legend: (Time is in decaauts)
 A = Elapsed time spent in this place.
 B = Non-inter-level travel time spent in this place.
 C = Inter-level travel time spent in this place.
 D = Time resting spent in this place.
 E = Time spent auto-exploring this place.
 F = Levels seen in this place.
 G = Mean time per level.
                   A        B        C        D        E       F      G
               +--------+--------+--------+--------+--------+-----+--------+
         Total |   6948 |   6941 |      7 |     32 |   3587 |  10 |  694.8 |
       Dungeon |   6917 |   6910 |      7 |     32 |   3587 |   9 |  768.6 |
        Temple |     30 |     30 |      0 |      0 |      0 |   1 |   30.0 |
               +--------+--------+--------+--------+--------+-----+--------+

Top non-repeatable levels by time:
     D:7: 1161 daAuts
     D:8: 1110 daAuts
     D:3: 959 daAuts
     D:5: 861 daAuts
     D:2: 767 daAuts
     D:1: 748 daAuts
     D:4: 706 daAuts
     D:6: 574 daAuts
  Temple: 30 daAuts
     D:9: 27 daAuts
